 Dungeon Crawl Stone Soup version 0.30.0-17-ge0270778cf (webtiles) character file.

Game seed: 6343978645357693041

8963 booth the Cleaver (level 11, -4/77 HPs)
             Began as a Gnoll Reaver on May 20, 2023.
             Was an Elder of Hepliaklqana.
             Killed from afar by Harold (16 damage)
             ... with an iceblast
             ... on level 11 of the Dungeon on May 21, 2023.
             The game lasted 01:16:03 (10862 turns).

booth the Cleaver (Gnoll Reaver)                   Turns: 10862, Time: 01:16:03

Health: -4/77      AC: 18    Str: 16    XL:     11   Next: 39%
Magic:  23/23      EV: 12    Int: 19    God:    Hepliaklqana [****..]
Gold:   298        SH:  6    Dex: 10    Spells: 3/26 levels left

rFire   . . .        N - +2 hand axe (freeze)
rCold   . . .        v - +1 buckler
rNeg    . . .        y - +4 ring mail of the Camelopard {+Blink}
rPois   +            i - +1 helmet
rElec   .            I - +2 cloak
rCorr   .            u - +1 pair of gloves
SInv    .            (no boots)
Will    .....        f - amulet of magic regeneration
Stlth   ++           t - +6 ring of intelligence
HPRegen 0.32/turn    h - ring of poison resistance
MPRegen 0.58/turn

%: no passive effects
@: about to teleport, marked
A: reduced essence, fangs 1, strong nose, distributed training
a: Renounce Religion, Evoke Blink, Recall Ancestor, Ancestor Identity,
Transference, Idealise


You were on level 11 of the Dungeon.
You worshipped Hepliaklqana.
Hepliaklqana was greatly pleased with you.
You visited 1 branch of the dungeon, and saw 11 of its levels.

You collected 598 gold pieces.
You spent 300 gold pieces at shops.

Inventory:

Hand Weapons
 q - a +1 dagger of venom
 B - a +3 mace
 D - a +3 morningstar
 N - a +2 hand axe of freezing (weapon)
Missiles
 c - a throwing net
 m - 11 boomerangs
 C - 27 poisoned darts (quivered)
Armour
 i - a +1 helmet (worn)
 u - a +1 pair of gloves (worn)
 v - a +1 buckler (worn)
 y - the +4 ring mail of the Camelopard (worn) {+Blink}
   (You found it on level 4 of the Dungeon)

   +Blink:    It lets you blink.
 I - a +2 cloak (worn)
Jewellery
 f - an amulet of magic regeneration (around neck)
 h - a ring of poison resistance (right hand)
 n - an amulet of guardian spirit
 t - a +6 ring of intelligence (left hand)
 H - a +6 ring of dexterity
Wands
 r - a wand of iceblast (20)
 M - a wand of charming (4)
Scrolls
 b - a scroll of identify
 g - a scroll of immolation
 k - a scroll of vulnerability
 o - a scroll of summoning
 w - 2 scrolls of fog
 O - a scroll of magic mapping
Potions
 a - a potion of brilliance
 d - 3 potions of lignification
 e - 4 potions of curing
 j - 4 potions of flight
 l - a potion of berserk rage
 p - a potion of resistance
 s - a potion of heal wounds
 x - 2 potions of mutation
 z - a potion of haste
 A - 3 potions of attraction
 E - a potion of might
 F - 2 potions of cancellation


   Skills:
 + Level 8.0 Fighting
 + Level 6.5 Short Blades
 + Level 6.5 Long Blades
 + Level 9.3 Axes
 + Level 6.5 Maces & Flails
 + Level 6.5 Polearms
 + Level 6.5 Staves
 + Level 6.5 Ranged Weapons
 + Level 6.5 Throwing
 + Level 6.5 Armour
 + Level 8.0 Dodging
 + Level 6.5 Stealth
 + Level 6.5 Shields
 + Level 6.5 Unarmed Combat
 + Level 8.3 Spellcasting
 + Level 7.7 Conjurations
 + Level 5.3 Hexes
 + Level 5.3 Summonings
 + Level 5.3 Necromancy
 + Level 5.3 Translocations
 + Level 5.3 Transmutations
 + Level 5.3 Fire Magic
 + Level 5.3 Ice Magic
 + Level 5.3 Air Magic
 + Level 5.3 Earth Magic
 + Level 5.3 Poison Magic
 + Level 7.1 Invocations
 + Level 6.5 Evocations


You had 3 spell levels left.
You knew the following spells:

 Your Spells              Type           Power      Damage    Failure   Level
a - Kiss of Death         Conj/Necr      100%       2d13      1%          1
b - Momentum Strike       Conj/Tloc      64%        3d9       1%          2
c - Hailstorm             Conj/Ice       32%        3d8       4%          3
d - Dazzling Flash        Conj/Hex       64%        N/A       4%          3
e - Tukima's Dance        Hex            28%        N/A       6%          3
f - Poisonous Vapours     Pois/Air       56%        N/A       3%          2
g - Mephitic Cloud        Conj/Pois/Air  31%        N/A       4%          3
h - Ignite Poison         Fire/Tmut/Pois 28%        N/A       6%          3
i - Portal Projectile     Hex/Tloc       56%        N/A       6%          3

Your spell library contained the following spells:

 Spells                   Type           Power      Damage    Failure   Level
 Sandblast                Erth           56%        2d13      2%          1
 Sting                    Tmut/Pois      100%       1d8       2%          1
 Cigotuvi's Dreadful Rot  Necr/Pois/Air  56%        N/A       3%          2
 Passwall                 Tmut/Erth      23%        N/A       3%          2
 Stone Arrow              Conj/Erth      64%        3d11      4%          3
 Ice Form                 Ice/Tmut       28%        N/A       22%         4
 Olgreb's Toxic Radiance  Pois           28%        N/A       22%         4
 Freezing Cloud           Conj/Ice/Air   15%        6-21      38%         5
 Agony                    Necr           28%        N/A       52%         5
 Blade Hands              Tmut           14%        N/A       52%         5
 Silence                  Hex/Air        14%        N/A       52%         5
 Simulacrum               Ice/Necr       14%        N/A       97%         6
 Borgnjor's Revivificati  Necr           14%        N/A       100%        8
 Necromutation            Tmut/Necr      14%        N/A       100%        8
 Chain Lightning          Conj/Air       16%        3d21      100%        9
 Death's Door             Necr           14%        N/A       100%        9
 Fire Storm               Conj/Fire      16%        8d4       100%        9
 Shatter                  Erth           14%        3d14*     100%        9


Dungeon Overview and Level Annotations

Branches:
Dungeon (11/15)            Temple (0/1) D:6            Lair (0/5) D:11
    Orc (0/2) D:11

Altars:
Cheibriados
Dithmenos
Elyvilon
Fedhas
Gozag
Hepliaklqana
Makhleb
Nemelex Xobeh
Uskayaw
Vehumet
Wu Jian
Zin
The Shining One

Shops:
D:3 ?   D:10 [

Annotations:
D:5 1 runed translucent door
D:11 Harold


Innate Abilities, Weirdness & Mutations

Your life essence is reduced to manifest your ancestor. (-10% HP)
You have very sharp teeth.
Your uncanny sense of smell can sniff out nearby items.
Your experience applies equally to all skills.


Message History

The yak is killed!
The yak barely misses something.
You block the orc wizard's attack. Something hits you but does no damage.
The orc priest calls down the wrath of Beogh upon you.
Beogh smites you!
* * * LOW HITPOINT WARNING * * *
As you read the scroll of teleportation, it crumbles to dust.
You feel strangely unstable.
The orc warrior hits itself with a +0 short sword!
Something hits you but does no damage. The yak gores you but does no damage.
Okay, then.
You catch the helpless yak completely off-guard!
You slash the yak! You freeze the yak.
The yak is severely wounded.
You hit something but do no damage.
You hit the orc wizard but do no damage.
You hit the orc priest. You freeze the orc priest.
Harold seems less confused.
The orc wizard hits the yak but does no damage.
Something hits you but does no damage. The yak gores you but does no damage.
The orc priest closely misses you.
You completely miss the yak.
The yak is severely wounded.
You hit something. You freeze something. You hit the orc wizard.
You freeze the orc wizard.
You kill the orc wizard!
You barely miss the orc priest. You hit the orc priest.
You freeze the orc priest.
You kill the orc priest!
You hit the yak. You freeze the yak. You barely miss something.
Harold casts a spell at you. The mark upon you grows brighter.
You hear some strange, mumbled words.
A magic dart appears from out of thin air!
The magic dart hits you!
* * * LOW HITPOINT WARNING * * *
You hit the yak. You freeze the yak.
You kill the yak!
You closely miss something.
Harold zaps a wand.
The mass of ice explodes!
The iceblast engulfs you!
You die...

........# ..§....#
o.....# .....#
##†...## ##.[....##
##........## ##..
#.{>.......# ...# #
#@)@.......##...#
..####.).............#
#....#............#..#
####..O>............#
.................#
.................#
.....#..........##
.....#..........#
.....#..........#


You could see Harold and a two-headed ogre.

Vanquished Creatures
  A two-headed ogre (D:10)
  9 yaks
  Pargi (D:3)
  An ogre (D:5)
  An orc warrior (D:8)
  2 centaurs
  A kobold brigand (D:10)
  A bullfrog (D:6)
  A scorpion (D:5)
  5 wights
  7 killer bees
  3 electric eels (D:10)
  A howler monkey (D:8)
  A lava snake (D:9)
  A jelly (D:6)
  An orc priest (D:11)
  2 hounds (D:5)
  A gnoll bouda (D:9)
  Jessica (D:2)
  2 iguanas
  7 orc wizards
  A gnoll (D:9)
  5 adders
  A shadow imp (D:6)
  A white imp (D:7)
  An ufetubus (D:4)
  2 worms
  6 dart slugs
  5 orcs
  3 ball pythons
  4 bats
  4 endoplasms
  3 giant cockroaches
  10 goblins
  5 hobgoblins
  7 jackals
  11 kobolds
  2 quokkas
  2 frilled lizards (D:1)
  3 rats
126 creatures vanquished.

Vanquished Creatures (collateral kills)
  The ghost of zlionsfan the Shooter, a novice FoHu of Makhleb (D:5)
  An unseen horror (D:9)
  Sigmund (D:3)
  A wraith (D:10)
  Eustachio (D:4)
  A yak (D:11)
  A basilisk (D:11)
  3 swamp worms (D:8)
  An acid dragon (D:9)
  An ice beast (D:5)
  2 sky beasts (D:7)
  2 black bears
  An orc warrior (D:7)
  3 ogres
  2 centaurs
  A kobold brigand (D:8)
  2 bullfrogs (D:8)
  2 scorpions
  7 wights
  21 killer bees
  4 howler monkeys
  3 lava snakes (D:9)
  3 jellies
  An orc priest (D:7)
  3 sleepcaps
  2 iguanas
  5 orc wizards
  Robin (D:4)
  6 gnolls
  8 adders
  A river rat (D:5)
  3 ufetubi
  7 dart slugs
  13 orcs
  3 ball pythons
  A bat (D:2)
  5 endoplasms
  5 giant cockroaches
  4 goblins
  4 hobgoblins (D:4)
  2 jackals (D:4)
  A quokka (D:3)
  A frilled lizard (D:3)
  12 kobolds
  A rat (D:2)
154 creatures vanquished.

Vanquished Creatures (others)
  8 battlemagi
8 creatures vanquished.

Grand Total: 288 creatures vanquished

Notes
Turn   | Place    | Note
-------+----------+-------------------------------------------
     0 | D:1      | booth the Gnoll Reaver began the quest for the Orb.
     0 | D:1      | Reached XP level 1. HP: 20/20 MP: 6/6
   164 | D:1      | Reached XP level 2. HP: 19/26 MP: 7/7
   167 | D:1      | Learned a level 2 spell: Momentum Strike
   195 | D:1      | HP: 1/26 [hobgoblin (2)]
   427 | D:1      | Reached skill level 5 in Spellcasting
   427 | D:1      | Reached XP level 3. HP: 26/31 MP: 7/9
   608 | D:1      | Found a faded altar of an unknown god.
   629 | D:1      | Prayed at the altar of an unknown god.
   629 | D:1      | Became a worshipper of Hepliaklqana the Forgotten
   629 | D:1      | Reached * piety under Hepliaklqana
  1163 | D:2      | Reached skill level 1 in Invocations
  1168 | D:2      | Reached skill level 1 in Short Blades
  1168 | D:2      | Reached skill level 1 in Long Blades
  1168 | D:2      | Reached skill level 1 in Maces & Flails
  1168 | D:2      | Reached skill level 1 in Polearms
  1168 | D:2      | Reached skill level 1 in Staves
  1168 | D:2      | Reached skill level 1 in Ranged Weapons
  1168 | D:2      | Reached skill level 1 in Throwing
  1168 | D:2      | Reached skill level 1 in Armour
  1168 | D:2      | Reached skill level 1 in Stealth
  1168 | D:2      | Reached skill level 1 in Shields
  1168 | D:2      | Reached skill level 1 in Unarmed Combat
  1168 | D:2      | Reached skill level 1 in Evocations
  1179 | D:2      | Reached XP level 4. HP: 27/34 MP: 11/11
  1275 | D:2      | Noticed Jessica
  1281 | D:2      | Killed Jessica
  1282 | D:2      | Reached skill level 1 in Hexes
  1282 | D:2      | Reached skill level 1 in Summonings
  1282 | D:2      | Reached skill level 1 in Necromancy
  1282 | D:2      | Reached skill level 1 in Translocations
  1282 | D:2      | Reached skill level 1 in Transmutations
  1282 | D:2      | Reached skill level 1 in Fire Magic
  1282 | D:2      | Reached skill level 1 in Ice Magic
  1282 | D:2      | Reached skill level 1 in Air Magic
  1282 | D:2      | Reached skill level 1 in Earth Magic
  1282 | D:2      | Reached skill level 1 in Poison Magic
  1378 | D:2      | Learned a level 3 spell: Hailstorm
  1450 | D:2      | Found a burning altar of Makhleb.
  1523 | D:2      | Reached XP level 5. HP: 38/38 MP: 12/12
  1966 | D:3      | Reached ** piety under Hepliaklqana
  1967 | D:3      | Remembered your ancestor Teniche as a battlemage
  2317 | D:3      | Noticed Pargi
  2382 | D:3      | HP: 1/32 [Pargi (5)]
  2388 | D:3      | Killed Pargi
  2389 | D:3      | Reached skill level 5 in Fighting
  2389 | D:3      | Reached skill level 5 in Dodging
  2389 | D:3      | Reached XP level 6. HP: 17/45 MP: 14/14
  2554 | D:3      | Learned a level 3 spell: Dazzling Flash
  2753 | D:3      | Found Ojolit's Magic Scroll Shop.
  2834 | D:3      | Noticed Sigmund
  2844 | D:3      | Killed Sigmund
  2845 | D:3      | Reached skill level 7 in Axes
  2845 | D:3      | Reached XP level 7. HP: 38/50 MP: 15/15
  2866 | D:3      | Bought a scroll of enchant weapon for 90 gold pieces
  3084 | D:3      | Found a sparkling altar of Nemelex Xobeh.
  3591 | D:4      | Noticed Robin
  3598 | D:4      | Killed Robin
  3771 | D:4      | Reached *** piety under Hepliaklqana
  3816 | D:4      | Noticed Eustachio
  3836 | D:4      | Killed Eustachio
  3837 | D:4      | Reached XP level 8. HP: 28/56 MP: 16/16
  3962 | D:4      | Learned a level 3 spell: Tukima's Dance
  4395 | D:4      | Identified the +4 ring mail of the Camelopard {+Blink}
  4496 | D:5      | Entered Level 5 of the Dungeon
  4918 | D:5      | Found a runed translucent door.
  4920 | D:5      | Noticed zlionsfan's ghost (novice FoHu)
  4970 | D:5      | Learned a level 2 spell: Poisonous Vapours
  4974 | D:5      | Learned a level 3 spell: Mephitic Cloud
  5199 | D:5      | Found a runed translucent door.
  5357 | D:5      | Killed zlionsfan's ghost
  5358 | D:5      | Reached XP level 9. HP: 62/62 MP: 18/18
  5638 | D:6      | Found an ornate altar of the Wu Jian Council.
  5641 | D:6      | Found a glowing golden altar of the Shining One.
  5652 | D:6      | Found a burning altar of Makhleb.
  5655 | D:6      | Reached skill level 8 in Axes
  5655 | D:6      | Found a blossoming altar of Fedhas.
  5656 | D:6      | Found a hide-covered altar of Uskayaw.
  5656 | D:6      | Found a radiant altar of Vehumet.
  5723 | D:6      | Found a glowing silver altar of Zin.
  5724 | D:6      | Found a shadowy altar of Dithmenos.
  5725 | D:6      | Found a snail-covered altar of Cheibriados.
  5744 | D:6      | Upgraded the game from 0.30.0-16-gbe6223bb7e to
                  | 0.30.0-17-ge0270778cf
  5829 | D:6      | Reached skill level 5 in Invocations
  5889 | D:6      | Reached **** piety under Hepliaklqana
  6063 | D:3      | Bought a scroll of enchant armour for 90 gold pieces
  6063 | D:3      | Bought a scroll of identify for 24 gold pieces
  6063 | D:3      | Bought a scroll of identify for 24 gold pieces
  6063 | D:3      | Bought a scroll of identify for 24 gold pieces
  6063 | D:3      | Bought a scroll of identify for 24 gold pieces
  6063 | D:3      | Bought a scroll of identify for 24 gold pieces
  6178 | D:6      | You fall into a shaft and drop 3 floors!
  6507 | D:7      | Reached skill level 5 in Short Blades
  6507 | D:7      | Reached skill level 5 in Long Blades
  6507 | D:7      | Reached skill level 5 in Maces & Flails
  6507 | D:7      | Reached skill level 5 in Polearms
  6507 | D:7      | Reached skill level 5 in Staves
  6507 | D:7      | Reached skill level 5 in Ranged Weapons
  6507 | D:7      | Reached skill level 5 in Throwing
  6507 | D:7      | Reached skill level 5 in Armour
  6507 | D:7      | Reached skill level 5 in Stealth
  6507 | D:7      | Reached skill level 5 in Shields
  6507 | D:7      | Reached skill level 5 in Unarmed Combat
  6507 | D:7      | Reached skill level 5 in Evocations
  6507 | D:7      | Reached XP level 10. HP: 68/69 MP: 20/20
  6584 | D:6      | Found a staircase to the Ecumenical Temple.
  7203 | D:8      | Found an opulent altar of Gozag.
  7357 | D:8      | Learned a level 3 spell: Ignite Poison
  7361 | D:8      | Learned a level 3 spell: Portal Projectile
  7762 | D:8      | Found a white marble altar of Elyvilon.
  9477 | D:9      | Killed an unseen horror
  9516 | D:10     | Entered Level 10 of the Dungeon
  9520 | D:10     | Reached skill level 9 in Axes
  9527 | D:10     | Reached skill level 5 in Hexes
  9527 | D:10     | Reached skill level 5 in Summonings
  9527 | D:10     | Reached skill level 5 in Necromancy
  9527 | D:10     | Reached skill level 5 in Translocations
  9527 | D:10     | Reached skill level 5 in Transmutations
  9527 | D:10     | Reached skill level 5 in Fire Magic
  9527 | D:10     | Reached skill level 5 in Ice Magic
  9527 | D:10     | Reached skill level 5 in Air Magic
  9527 | D:10     | Reached skill level 5 in Earth Magic
  9527 | D:10     | Reached skill level 5 in Poison Magic
  9585 | D:10     | Identified a scroll of acquirement
  9586 | D:10     | Acquired a Young Poisoner's Handbook
  9625 | D:10     | Reached XP level 11. HP: 64/76 MP: 22/22
 10157 | D:10     | Found Erall's Antique Armour Boutique.
 10314 | D:10     | Noticed a two-headed ogre
 10322 | D:10     | Killed a two-headed ogre
 10767 | D:11     | Noticed a two-headed ogre
 10795 | D:11     | Reached ***** piety under Hepliaklqana
 10798 | D:11     | Found a staircase to the Lair.
 10800 | D:11     | Found a staircase to the Orcish Mines.
 10823 | D:11     | Noticed Harold
 10862 | D:11     | Killed from afar by Harold

Illustrated notes

Levels and vault maps discovered:
D:1:      mrwooster_arrival_statue_2, layout_loops_ring,
          hellmonk_ecumenical_altar_zigzags
D:2:      layout_loops_ring, basic_altar, serial_glass, glass_columns_c,
          glass_columns_b, serial_bayou_pond_b, uniq_jessica
D:3:      layout_basic, nemelex_spade_bored_becter, serial_shops,
          nicolae_shop_tiny_glass, small_statue_intersection, uniq_pargi,
          uniq_sigmund
D:4:      kennysheep_slugbush, layout_loops_ring, hangedman_minor_gate_pass,
          uniq_eustachio, uniq_robin
D:5:      layout_loops_ring, ebering_ghost_sewer_f, dk_noncrumbling_4,
          minmay_quadrilaterals
D:6:      layout_loops_ring, minitemple, minmay_temple_entry_gardened_gates
D:7:      layout_rooms
D:8:      layout_loops_ring, mainiacjoe_overflow_tiny_flanked,
          kennysheep_little_box, dreamdust_princess_bridge,
          minmay_misc_feat_ornament, worms_lemuel
D:9:      layout_roguey, kennysheep_cluttered_room,
          nicolae_straight_to_the_point
D:10:     layout_small_grid, serial_shops, shop, nrook_pool_corridor,
          chequers_big_river
D:11:     layout_rooms, lair_entry_dummy, gauntlet_entry_generic,
          columned_hall_lemuel, minivault_25, lemuel_blue_sif_altar,
          uniq_harold, uniq_josephine

Skill      XL: |  1  2  3  4  5  6  7  8  9 10 11 |
---------------+----------------------------------+-----
Spellcasting   | 5 6 7 8 |  8.3
Invocations    | 1 2 3 4 5 6 7 |  7.1
Short Blades   | 1 2 3 4 5 6 |  6.5
Long Blades    | 1 2 3 4 5 6 |  6.5
Maces & Flails | 1 2 3 4 5 6 |  6.5
Polearms       | 1 2 3 4 5 6 |  6.5
Staves         | 1 2 3 4 5 6 |  6.5
Ranged Weapons | 1 2 3 4 5 6 |  6.5
Throwing       | 1 2 3 4 5 6 |  6.5
Armour         | 1 2 3 4 5 6 |  6.5
Stealth        | 1 2 3 4 5 6 |  6.5
Shields        | 1 2 3 4 5 6 |  6.5
Unarmed Combat | 1 2 3 4 5 6 |  6.5
Evocations     | 1 2 3 4 5 6 |  6.5
Hexes          | 1 2 3 4 5 |  5.3
Summonings     | 1 2 3 4 5 |  5.3
Necromancy     | 1 2 3 4 5 |  5.3
Translocations | 1 2 3 4 5 |  5.3
Transmutations | 1 2 3 4 5 |  5.3
Fire Magic     | 1 2 3 4 5 |  5.3
Ice Magic      | 1 2 3 4 5 |  5.3
Air Magic      | 1 2 3 4 5 |  5.3
Earth Magic    | 1 2 3 4 5 |  5.3
Poison Magic   | 1 2 3 4 5 |  5.3
Fighting       | 5 6 7 8 |  8.0
Dodging        | 5 6 7 8 |  8.0
Axes           | 7 8 9 |  9.3
Conjurations   | 6 7 |  7.7

Action                     |  1- 3 |  4- 6 |  7- 9 | 10-12 || total
---------------------------+-------+-------+-------+-------++-------
  Melee: Hand axe          |    83 |    65 |   185 |   227 ||   560
         Bite              |     8 |     5 |    30 |    28 ||    71
         Punch             |       |       |     3 |       ||     3
  Throw: Boomerang         |       |       |     4 |       ||     4
         Dart              |       |       |       |     3 ||     3
   Cast: Kiss of Death     |       |     1 |       |       ||     1
         Poisonous Vapours |       |       |       |     9 ||     9
         Ignite Poison     |       |       |       |     6 ||     6
         Portal Projectile |       |       |       |     1 ||     1
         Mephitic Cloud    |       |       |       |     1 ||     1
         Tukima's Dance    |       |       |       |     1 ||     1
 Invoke: Ancestor Identity |     1 |       |       |       ||     1
         Ancestor Life: Ba |       |     1 |       |       ||     1
         Recall Ancestor   |       |       |     2 |       ||     2
         Transference      |       |       |       |     1 ||     1
Ability: Evoke Blink       |       |       |       |     1 ||     1
    Use: Scroll            |     2 |     3 |    13 |    14 ||    32
         Potion            |       |     1 |     3 |       ||     4
   Stab: Sleeping          |       |     2 |     1 |     1 ||     4
         Distracted        |       |       |     7 |     3 ||    10
         Confused          |       |       |       |     2 ||     2
 Armour: Leather armour    |    27 |    32 |    22 |       ||    81
         Ring mail         |       |       |    62 |   134 ||   196
  Dodge: Dodged            |    65 |    57 |   117 |   116 ||   355
  Block: Buckler           |       |       |    31 |    57 ||    88
